 Dungeon Crawl Stone Soup version 0.27-a0-906-g0a00ce8 (webtiles) character file.

Game seed: 8646361977058306783

91 MrTaco21 the Cudgeller (level 4, -2/28 HPs)
             Began as a Gargoyle Fighter on Apr 6, 2021.
             Slain by a gnoll
             ... wielding a +0 halberd
              (5 damage)
             ... on level 2 of the Dungeon.
             The game lasted 00:02:17 (3052 turns).

MrTaco21 the Cudgeller (Gargoyle Fighter)           Turns: 3052, Time: 00:02:17

Health: -2/28      AC: 10    Str: 20    XL:     4   Next: 59%
Magic:  13/13      EV:  7    Int: 15    God:
Gold:   56         SH:  9    Dex:  9    Spells: 3/3 levels left

rFire    . . .     SeeInvis .   a - +0 flail
rCold    . . .     Faith    .   c - +0 kite shield
rNeg     + . .     Spirit   .   b - +0 scale mail
rPois    ∞         Reflect  .   (no helmet)
rElec    +         Harm     .   (no cloak)
rCorr    .         Rampage  .   (no gloves)
Will     .....                  (no boots)
Stlth    ..........             (no amulet)
HPRegen  0.09/turn              h - +6 ring of intelligence
MPRegen  0.13/turn              e - ring of magical power

@: no status effects
A: AC +3, negative energy resistance 1, electricity resistance, torment
resistance 1, unbreathing 1, petrification resistance
a: no special abilities


You were on level 2 of the Dungeon.
You visited 1 branch of the dungeon, and saw 2 of its levels.

You collected 56 gold pieces.

Inventory:

Hand Weapons
 a - a +0 flail (weapon)
Armour
 b - a +0 scale mail (worn)
 c - a +0 kite shield (worn)
Jewellery
 e - a ring of magical power (right hand)
   (You found it on level 1 of the Dungeon)
 h - a +6 ring of intelligence (left hand)
   (You found it on level 1 of the Dungeon)
Scrolls
 f - a scroll of noise {unknown}
 i - a scroll of teleportation {unknown}
 k - a scroll of identify {unknown}
Potions
 d - a potion of might
 g - a potion of lignification {unknown}
 j - 3 potions of brilliance {unknown}
 l - a potion of flight {unknown}
 m - a potion of curing {unknown}
 n - a potion of cancellation {unknown}


   Skills:
 - Level 3.2 Fighting
 + Level 4.6 Maces & Flails
 - Level 3.2 Armour
 - Level 3.2 Shields


You had 3 spell levels left.
You didn't know any spells.
Your spell library contained the following spells:

 Spells                   Type           Power      Damage    Failure   Level
 Magic Dart               Conj           0%         1d3       98%         1
 Blink                    Tloc           N/A        N/A       99%         2
 Call Imp                 Summ           0%         N/A       99%         2
 Slow                     Hex            0%         N/A       99%         2
 Conjure Flame            Conj/Fire      0%         6-21      100%        3
 Mephitic Cloud           Conj/Pois/Air  0%         N/A       100%        3


Dungeon Overview and Level Annotations

Branches:
Dungeon (2/15)

Altars:


Innate Abilities, Weirdness & Mutations

Your stone body is resilient. (AC +3)
You are immune to poison.
You resist negative energy. (rN+)
You are resistant to electric shocks. (rElec)
You are resistant to unholy torment.
You can survive without breathing.
You are immune to petrification.


Message History

You hit the hobgoblin.
You kill the hobgoblin!
No target in view!
No target in view!
No target in view!
No target in view!
No target in view!
No target in view!
No target in view!
No target in view!
No target in view!
No target in view!
No target in view!
No target in view!
Found a papyrus book.
Things that are here:
a hobgoblin corpse; a jackal corpse; a jackal corpse You pick up a book of Minor Magic and begin reading...
You add the spells Magic Dart, Blink, Call Imp, Slow, Conjure Flame and Mephitic Cloud to your library.
A gnoll is nearby!
A gnoll is nearby!
A gnoll is nearby!
The gnoll shouts!
The gnoll barely misses you.
You closely miss the gnoll. You block the gnoll's attack.
You barely miss the gnoll. You block the gnoll's attack. x2
You hit the gnoll. The gnoll hits you with a +0 halberd.
You closely miss the gnoll. The gnoll hits you with a +0 halberd.
You closely miss the gnoll. The gnoll hits you with a +0 halberd.
* * * LOW HITPOINT WARNING * * *
The gnoll hits you with a +0 halberd!
* * * LOW HITPOINT WARNING * * *
You block the gnoll's attack.
There is a stone staircase leading up here.
The gnoll barely misses you.
You climb upwards.
There is a stone staircase leading down here.
You start resting.
There is a stone staircase leading down here.
You climb downwards.
The gnoll hits you from afar with a +0 halberd!
There is a stone staircase leading up here.
The gnoll hits you with a +0 halberd.
* * * LOW HITPOINT WARNING * * *
Unknown command.
You sock the gnoll! You block the gnoll's attack.
The gnoll hits you with a +0 halberd!
* * * LOW HITPOINT WARNING * * *
You hit the gnoll. The gnoll hits you with a +0 halberd.
You die...

########### ######
#.>....<..# ##....###
........@g# ##..♣...♣.
......###.# ##..P..≈≈≈≈
#.###.# #.# #..PP.♣≈♣≈≈ #
#.# #.# ##....≈≈≈≈≈≈
.##.###.###.####..P.†≈≈≈≈♣.
.................P....≈♣≈≈.
###.##..###..####♣....♣≈P..
#.##..###..# ###P.....P
#.......#..# #..#..##


You could see a gnoll.

Vanquished Creatures
  3 gnolls
  An adder (D:2)
  A worm (D:2)
  2 dart slugs (D:1)
  3 bats
  An endoplasm (D:1)
  2 giant cockroaches (D:1)
  6 goblins (D:1)
  4 hobgoblins
  4 jackals (D:2)
  4 quokkas
  8 ball pythons
  3 kobolds (D:1)
  A rat (D:1)
43 creatures vanquished.

Vanquished Creatures (others)
  6 demonic plants (D:2)
  2 fungi (D:2)
  2 plants (D:2)
  9 withered plants (D:2)
19 creatures vanquished.

Grand Total: 62 creatures vanquished

Notes
Turn   | Place    | Note
-------+----------+-------------------------------------------
     0 | D:1      | MrTaco21 the Gargoyle Fighter began the quest for the Orb.
     0 | D:1      | Reached XP level 1. HP: 14/14 MP: 1/1
   130 | D:1      | Reached XP level 2. HP: 10/19 MP: 2/2
   800 | D:1      | Reached skill level 3 in Maces & Flails
  1172 | D:1      | Reached XP level 3. HP: 23/23 MP: 3/3
  2183 | D:2      | Reached skill level 4 in Maces & Flails
  2314 | D:1      | Reached XP level 4. HP: 24/28 MP: 4/4
  2540 | D:2      | Found a faded altar of an unknown god.
  3052 | D:2      | Slain by a gnoll

Illustrated notes

Levels and vault maps discovered:
D:1:      minmay_arrival_plants_in_alcoves, layout_basic, item_on_display_a
D:2:      minmay_spotlight, layout_loops_ring, shapermc_ecumenical_altar_gd,
          serial_bayou_pond_a, uniq_crazy_yiuf_cottage

Skill      XL: |  1  2  3 |
---------------+----------+-----
Maces & Flails | 3 4 |  4.6
Fighting       | |  3.2
Armour         | |  3.2
Shields        | |  3.2

Action                   |  1- 3 |  4- 6 || total
-------------------------+-------+-------++-------
Melee: Flail             |   135 |    58 ||   193
Armor: Scale mail        |    82 |    20 ||   102
Dodge: Dodged            |    44 |    20 ||    64
Block: Kite shield       |    87 |    24 ||   111

Table legend: (Time is in decaauts)
 A = Elapsed time spent in this place.
 B = Non-inter-level travel time spent in this place.
 C = Inter-level travel time spent in this place.
 D = Time resting spent in this place.
 E = Time spent auto-exploring this place.
 F = Levels seen in this place.
 G = Mean time per level.
                   A        B        C        D        E       F      G
               +--------+--------+--------+--------+--------+-----+--------+
         Total |   3143 |   2996 |    147 |    962 |   1542 |   2 | 1571.5 |
       Dungeon |   3143 |   2996 |    147 |    962 |   1542 |   2 | 1571.5 |
               +--------+--------+--------+--------+--------+-----+--------+

Top non-repeatable levels by time:
     D:1: 2113 daAuts
     D:2: 1029 daAuts
